 Dungeon Crawl Stone Soup version 0.18-b1-10-g3f7de93 (webtiles) character file.

51 Nisnini the Grasshopper (level 3, 0/29 (30) HPs)
             Began as a Ghoul Warper on Apr 29, 2016.
             Slain by a goblin
             ... wielding a +0 dagger
             ... led by Robin
              (5 damage)
             ... on level 2 of the Dungeon.
             The game lasted 00:08:50 (594 turns).

Nisnini the Grasshopper (Ghoul Warper)               Turns: 594, Time: 00:08:51

HP:   0/29 (30)     AC:  6    Str: 14    XL:     3   Next: 81%
MP:   4/4           EV: 11    Int:  8    God:
Gold: 28            SH:  0    Dex:  9    Spells: 1 memorised, 4 levels left

rFire  . . .     SeeInvis .     k - +1 short sword (venom)
rCold  + . .     Gourm    .     e - +1 ring mail
rNeg   + + +     Faith    .     (no shield)
rPois  ∞         Spirit   .     (no helmet)
rElec  .         Dismiss  .     (no cloak)
rCorr  .         Reflect  .     (no gloves)
SustAt .         Harm     .     (no boots)
MR     .....                    (no amulet)
Stlth  ..........               (no ring)
                                (no ring)

@: rotting, not resistant to hostile enchantments, extremely unstealthy
A: rotting body, claws 1, carnivore 3, cold resistance 1, negative energy
resistance 3, slow regeneration 1, torment resistance, unbreathing
a: no special abilities


You were on level 2 of the Dungeon.
You were not hungry.

You visited 1 branch of the dungeon, and saw 2 of its levels.

You collected 28 gold pieces.

Inventory:

Hand Weapons
 j - a +0 spear
 k - a +1 short sword of venom (weapon)
Missiles
 d - 5 tomahawks of dispersal (quivered)
Armour
 a - a +0 leather armour
 e - a +1 ring mail (worn)
Scrolls
 c - a scroll of blinking
Books
 b - a book of Spatial Translocations

   Spells                             Type                      Level
   a - Apportation                    Translocation                1
   b - Blink                          Translocation                2
   c - Shroud of Golubria             Charms/Translocation         2
   d - Portal Projectile              Translocation                3
   e - Teleport Other                 Translocation                3
   f - Passage of Golubria            Translocation                4
Comestibles
 f - a meat ration


   Skills:
 + Level 2.5 Fighting
 + Level 0.1 Short Blades
 + Level 0.8 Throwing
 + Level 1.2 Armour
 + Level 2.3 Dodging
 + Level 2.3 Unarmed Combat
 + Level 1.9 Spellcasting
 + Level 3.3 Translocations


You had 4 spell levels left.
You knew the following spells:

 Your Spells              Type           Power        Failure   Level  Hunger
a - Apportation           Tloc           #.........   21%         1    ##.....


Dungeon Overview and Level Annotations

Branches:
Dungeon (2/15)

Altars:


Innate Abilities, Weirdness & Mutations

Your body is rotting away.
You thrive on raw meat.
You are immune to poison.
You have sharp fingernails.
You are carnivorous and can eat meat at any time.
Your flesh is cold resistant.
You are immune to negative energy.
You regenerate slowly when monsters are visible.
You are immune to unholy pain and torment.
You can survive without breathing.


Message History

The hobgoblin hits you but does no damage.
The giant cockroach barely misses you.
As you read the scroll labeled POONUQ ZIRI, it crumbles to dust.
It is a scroll of enchant armour.
Enchant which item? (? for menu, Esc to quit)
Your +0 ring mail glows green for a moment.
You kill Robin!
The goblin hits you but does no damage. The hobgoblin hits you with a club.
* * * LOW HITPOINT WARNING * * *
The giant cockroach closely misses you.
You closely miss the goblin. The goblin hits you but does no damage.
The goblin closely misses you. The giant cockroach barely misses you.
The hobgoblin hits you with a club.
* * * LOW HITPOINT WARNING * * *
The goblin unwields an uncursed hunting sling.
The goblin wields an uncursed club.
The goblin hits you but does no damage.
You closely miss the goblin. The goblin hits you but does no damage.
The giant cockroach bites you but does no damage.
The goblin hits you with a dagger.
You die...

........#.#....... ..
#......#.........
..####...#.###.......
####....................
..... ##................
......#.................
......#.........÷.......
......sgg...............
......#@g...............
..%...#.g.............#.
........................
..>.........<...........
......#####...##........
...... ###......#.<##
#..?. ........###...
#### ........# ....
......#.......


You could see a giant cockroach, a hobgoblin and 3 goblins.

Vanquished Creatures
  Robin (D:2)
  An adder (D:2)
  A dart slug (D:1)
  A giant cockroach (D:1)
  7 goblins
  3 hobgoblins (D:2)
  2 jackals (D:1)
  A kobold (D:2)
  2 quokkas (D:2)
  4 bats
  A giant newt (D:1)
  3 rats
27 creatures vanquished.

Notes
Turn   | Place    | Note
--------------------------------------------------------------
     0 | D:1      | Nisnini the Ghoul Warper began the quest for the Orb.
     0 | D:1      | Reached XP level 1. HP: 17/17 MP: 2/2
   125 | D:1      | Reached skill level 1 in Armour
   137 | D:1      | Reached skill level 3 in Translocations
   137 | D:1      | Reached XP level 2. HP: 21/24 MP: 3/3
   264 | D:2      | Found a faded altar to an unknown god.
   320 | D:2      | Noticed Robin
   391 | D:2      | Reached XP level 3. HP: 7/29 MP: 4/4
   592 | D:2      | Killed Robin
   594 | D:2      | Slain by a goblin

Skill      XL: |  1  2 |
---------------+-------+-----
Armour         | 1 |  1.2
Translocations | 3 |  3.3
Dodging        | 2 |  2.3
Fighting       | |  2.5
Short Blades   | |  0.1
Throwing       | |  0.8
Unarmed Combat | |  2.3
Spellcasting   | |  1.9

Action                   || total
-------------------------++-------
Melee: Unarmed           ||    31
       Short sword       ||    60
       Spear             ||    13
 Cast: Apportation       ||     1
  Use: Potion            ||     3
       Scroll            ||     1
  Eat: Meat ration       ||     1
Armor: Leather armour    ||    26
       Ring mail         ||    14
Dodge: Dodged            ||   125
